 Dungeon Crawl Stone Soup version 0.20.1-1-g8b1a95d (webtiles) character file.

40 suicidejoker the Shield-Bearer (level 3, 0/20 HPs)
             Began as a Gargoyle Fighter on Aug 25, 2017.
             Slain by Sigmund
             ... wielding a +0 scythe
              (3 damage)
             ... on level 2 of the Dungeon.
             The game lasted 00:03:43 (1115 turns).

suicidejoker the Shield-Bearer (Gargoyle Fighter)   Turns: 1115, Time: 00:03:44

Health: 0/20       AC: 10    Str: 19 (21) XL:     3   Next: 50%
Magic:  3/3        EV:  7    Int:  6 (8)  God:
Gold:   121        SH:  9    Dex: 13 (14) Spells: 2/2 levels left

rFire    . . .     SeeInvis .   a - +0 war axe
rCold    . . .     Gourm    .   c - +0 shield
rNeg     + . .     Faith    .   p - +0 scale mail
rPois    ∞         Spirit   .   (no helmet)
rElec    +         Reflect  .   (no cloak)
rCorr    .         Harm     .   (no gloves)
MR       .....                  (no boots)
Stlth    ..........             (no amulet)
Regen    0.1/turn               k - +4 ring of dexterity
MPRegen  0.1/turn               (no ring)

@: no status effects
A: frail 1, negative energy resistance 1, electricity resistance, strong 1,
unbreathing, petrification resistance, rot immunity, AC +3
a: no special abilities


You were on level 2 of the Dungeon.
You were hungry.

You visited 1 branch of the dungeon, and saw 2 of its levels.

You collected 121 gold pieces.

Inventory:

Hand Weapons
 a - a +0 war axe (weapon)
 r - a +0 hunting sling
Missiles
 b - 119 stones
 j - 14 tomahawks (quivered)
 q - 39 bolts
Armour
 c - a +0 shield (worn)
 p - a +0 scale mail (worn)
Jewellery
 k - a +4 ring of dexterity (left hand)
Scrolls
 e - 2 scrolls of identify {unknown}
 g - a scroll of recharging {unknown}
 m - a scroll of immolation {unknown}
 t - a scroll of remove curse {unknown}
Comestibles
 f - 2 bread rations
 h - a fruit
 l - 2 meat rations


   Skills:
 + Level 3.5 Fighting
 + Level 2.1 Axes
 + Level 3.7 Armour
 + Level 0.8 Dodging
 + Level 3.7 Shields


You had 2 spell levels left.
You didn't know any spells.

Dungeon Overview and Level Annotations

Branches:
Dungeon (2/15)

Altars:

Annotations:
D:2 Sigmund


Innate Abilities, Weirdness & Mutations

You are resistant to torment.
Your stone body is resilient. (AC +3)
You are immune to poison.
You resist negative energy. (rN+)
You are resistant to electric shocks. (rElec)
You can survive without breathing.
You are immune to petrification.
You are immune to rotting.
You are frail. (-10% HP)
Your muscles are strong. (Str +2)


Message History

Your magical effects are unravelling.
You feel magically purged.
You feel a little less mighty now. You block something's attack.
It was a potion of degeneration.
There was something very wrong with that liquid.
You feel weakened.
You feel dopey.
You feel clumsy.
It was a potion of curing.
You feel better.
A magic dart appears from out of thin air!
The magic dart hits you! Something hits you but does no damage.
You see here an adder corpse.
You hit something. Something hits you but does no damage.
You barely miss something. Something hits you.
* * * LOW HITPOINT WARNING * * *
You closely miss something. You block something's attack.
It was a potion of mutation.
You feel extremely strange.
You feel frail.
You feel stronger.
You closely miss something. Something hits you.
You die...

###.....##.# ##...##
...........# #.....#
##....<##.####.###.#
#.............# #.#
......#.##......###.#
######.########.....#
#. ##.#.## #. #.#.#
#. #@#.# #. #.{..#
.......# ###...#.#
...##.# ##### #
###### ......


There were no monsters in sight!

Vanquished Creatures
  2 adders (D:2)
  2 bats
  4 giant cockroaches
  2 hobgoblins (D:1)
  A quokka (D:2)
  3 frilled lizards
  3 goblins
  3 kobolds (D:1)
  3 rats
23 creatures vanquished.

Notes
Turn   | Place    | Note
-------+----------+-------------------------------------------
     0 | D:1      | suicidejoker the Gargoyle Fighter began the quest for the Orb.
     0 | D:1      | Reached XP level 1. HP: 14/14 MP: 1/1
   168 | D:1      | Reached XP level 2. HP: 19/19 MP: 2/2
  1032 | D:2      | Reached XP level 3. HP: 23/23 MP: 3/3
  1097 | D:2      | Noticed Sigmund
  1114 | D:2      | Gained mutation: You are frail. (-10% HP) [potion of mutation]
  1114 | D:2      | Gained mutation: Your muscles are strong. (Str +2) [potion of mutation]
  1115 | D:2      | Slain by Sigmund

Skill      XL: |  1  2 |
---------------+-------+-----
Axes           | 2 |  2.1
Fighting       | |  3.5
Armour         | |  3.7
Dodging        | |  0.8
Shields        | |  3.7

Action                   || total
-------------------------++-------
Melee: War axe           ||    87
  Use: Potion            ||     5
Armor: Scale mail        ||    42
Dodge: Dodged            ||    29
Block: Shield            ||    44
